AoeStats
← bok2basics

Arabian Desert

510865243Analyzed
1v1 RM · 1d ago on Oct 2, 2026· 35m 43s· 2 players
Game mode
Random Map
Map size
Tiny (2 player)
Population
200
Speed
Normal
Resources
Standard
Victory
Conquest
Starting age
Dark Age
Ending age
Imperial Age
RankedLock teamsTeams togetherTeam positionsShared explorationLock speedFull tech treeHidden civsTurbo modeCheats
Victory
Defeat
🇬🇧 Saxons · United Kingdom
1344
+16
🇨🇦 Franks · Canada
1343
-16
lylesuper
6:07 Loom
9:48 Feudal Age
11:04 Double-Bit Axe
17:02 Wheelbarrow
19:52 Castle Age
19:00 Scale Barding Armor
19:53 Forging
21:14 Bow Saw
24:37 Husbandry
29:45 Light Cavalry
32:06 Iron Casting
34:17 Gold Mining
bok2basics
6:21 Loom
9:05 Feudal Age
9:56 Double-Bit Axe
14:24 Fletching
21:11 Castle Age
19:39 Scale Mail Armor
20:31 Gold Mining
21:20 Horse Collar
22:11 Chain Mail Armor
24:41 Arson
26:45 Pikeman
27:26 Squires
30:23 Bow Saw
30:54 Forging
31:44 Sanctity
Connection lost

Rejoining the realm…

Still unreachable

The connection could not be restored.

Session expired

The server has moved on; the page needs a fresh start.